Cogmind - Beta 15 @@@ ROGUE MODE // 2025.10.01 @ 08:20:21 Player: odium reigns Result: Destroyed by S-27 Virus with Autogun Performance ------------- Evolutions (5) 2500 Regions Visited (11) 2200 Robots Destroyed (118) 590 Value Destroyed (4549) 4549 Prototype IDs (3) 60 Alien Tech Used (0) 0 Bonus (737) 737 TOTAL SCORE: 10636 Bonus ------- High Alert Combat Kills 16 Follower Combat Kills 221 Entered DSFs 500 Cogmind --------- Core Integrity 0/1000 Matter 270/300 Energy 100/100 System Corruption 14% Temperature Cool (0) Movement Treading (160) Location -5/Extension Parts ------- > --- POWER (1) -------- (None) > --- PROPULSION (4) --- Light Treads Antigrav System > --- UTILITY (8) ------ Advanced Coolant Injector (fused) Targeting Computer Improved Targeting Computer Improved Target Analyzer Improved Target Analyzer > --- WEAPON (4) ------- Great Maul Ripper Power Sword Phasing Sabre > --- INVENTORY (5) ---- Field Propulsion Drive Advanced Cooling System Matter Compressor (250) Ripper Peak State ------------ > --- POWER ------------ Reinforced Fission Core > --- PROPULSION ------- Thunder Leg Thunder Leg Thunder Leg Thunder Leg > --- UTILITY ---------- Improved Cooling System Large Storage Unit Targeting Computer Advanced Targeting Computer Improved Target Analyzer Core Analyzer Improved Heavy Armor Plating > --- WEAPON ----------- KE Penetrator KE Penetrator KE Penetrator KE Penetrator > --- INVENTORY -------- Reinforced Deuterium Engine Light Fission Core Thunder Leg Thunder Leg Medium Matter Pod Medium Matter Pod Improved Targeting Computer Improved Targeting Computer Improved Target Analyzer Weapon Cycler Hardened Medium Armor Plating Improved Medium Armor Plating KE Penetrator Heavy Mass Driver [Rating: 88] Favorites ----------- Power Improved Deuterium Engine Engine Improved Deuterium Engine Power Core Neutrino Core Propulsion Light Treads Treads Light Treads Leg Thunder Leg Hover Unit Antigrav System Utility Targeting Computer Device Improved Heat Sink Storage Large Storage Unit Processor Targeting Computer Protection Improved Medium Armor Plating Weapon Enhanced Autogun Energy Gun Small Laser Energy Cannon Light EM Pulse Cannon Ballistic Gun Enhanced Autogun Ballistic Cannon Heavy Flak Cannon Launcher Mini Grenade Launcher Impact Weapon Great Maul Slashing Weapon Power Sword Build | -11 -10 -9 -9 -8 -7 -7 -7 -6 -6 -5 -5 ------- Run | Yrd Mat Mat Min Mat Fac Low Low Fac DSF Fac Ext Slots Evolved 10 | . . 2 . 2 2 . . 2 . 2 . Power . | . . . . . . . . . . . . Propulsion 2 | . . 1 . . 1 . . . . . . Utility 6 | . . 1 . . 1 . . 2 . 2 . Weapon 2 | . . . . 2 . . . . . . . Parts Attached 109 | 7 2 3 1 28 2 . . 5 11 29 21 Power 10 | 1 . . 1 3 . . . . 1 2 2 Engine 5 | 1 . . 1 2 . . . . 1 . . Core 5 | . . . . 1 . . . . . 2 2 Reactor . | . . . . . . . . . . . . Propulsion 36 | 2 . 1 . 10 1 . . . 5 11 6 Treads 9 | 2 . 1 . 3 1 . . . . 1 1 Leg 26 | . . . . 7 . . . . 5 10 4 Wheel . | . . . . . . . . . . . . Hover 1 | . . . . . . . . . . . 1 Flight . | . . . . . . . . . . . . Utility 30 | 2 2 1 . 6 1 . . 3 1 10 4 Device 10 | 1 . 1 . 2 . . . 1 1 3 1 Storage 3 | 1 2 . . . . . . . . . . Processor 10 | . . . . 2 1 . . 2 . 4 1 Hackware . | . . . . . . . . . . . . Protection 7 | . . . . 2 . . . . . 3 2 Artifact . | . . . . . . . . . . . . Weapon 33 | 2 . 1 . 9 . . . 2 4 6 9 Energy Gun 1 | 1 . . . . . . . . . . . Energy Cannon 1 | . . 1 . . . . . . . . . Ballistic Gun 20 | 1 . . . 8 . . . . 4 5 2 Ballistic Cannon 3 | . . . . . . . . 2 . 1 . Launcher 1 | . . . . 1 . . . . . . . Special Weapon . | . . . . . . . . . . . . Impact Weapon 2 | . . . . . . . . . . . 2 Slashing Weapon 5 | . . . . . . . . . . . 5 Piercing Weapon . | . . . . . . . . . . . . Special Melee Weapon . | . . . . . . . . . . . . Unidentified Prototypes 1 | . . . . 1 . . . . . . . Parts Lost 46 | . . . . 4 . . . . . 24 18 Power 3 | . . . . 1 . . . . . . 2 Propulsion 18 | . . . . 2 . . . . . 9 7 Utility 12 | . . . . . . . . . . 7 5 Weapon 13 | . . . . 1 . . . . . 8 4 Highest Loss Streak 15 | . . . . 3 . . . . . 9 15 To Critical Strikes . | . . . . . . . . . . . . Average Backups 13 | 4 11 14 15 14 14 15 15 14 14 11 13 Power 1 | 1 2 2 1 . 1 1 1 1 1 1 2 Propulsion 1 | 1 2 2 2 1 . . . . . 1 2 Utility 8 | . 5 7 6 8 12 12 12 11 10 6 6 Weapon 2 | . 1 2 4 2 1 2 2 2 2 1 2 Tool/Special . | . . . . . . . . . . . . Unused Backups 39 | . . 2 . 12 2 . . . 7 3 13 Power 6 | . . . . 3 . . . . . 1 2 Propulsion 5 | . . . . 2 . . . . . 1 2 Utility 18 | . . 1 . 3 2 . . . 5 1 6 Weapon 9 | . . 1 . 3 . . . . 2 . 3 Tool/Special 1 | . . . . 1 . . . . . . . Average Slot Usage (%) 97 | . 100 99 100 98 99 100 100 97 99 94 94 Engine 6 | . 14 11 11 6 7 7 7 6 6 1 . Core 1 | . . . . 2 . . . . . 3 4 Treads 17 | . 28 33 33 9 30 30 30 26 11 . . Leg 9 | . . . . 18 . . . . 13 21 21 Device 9 | . 14 21 22 9 7 7 7 6 6 8 5 Storage 7 | . 14 11 11 8 7 7 7 6 6 5 4 Processor 14 | . . . . 3 14 15 15 23 26 26 26 Protection 1 | . . . . 4 . . . . . 2 4 Energy Gun 1 | . 14 4 . . . . . . . . . Energy Cannon 1 | . . 6 11 2 . . . . . . . Ballistic Gun 20 | . 14 11 11 33 30 30 30 21 17 18 5 Slashing Weapon 1 | . . . . . . . . . . . 12 Peak Build Rating 88 | 9 10 13 13 36 35 35 35 49 72 88 84 Average Rating 41 | 7 9 12 13 28 34 35 35 43 60 77 75 On Entrance 30 | . 9 10 13 13 33 35 35 35 49 72 59 Naked Turns . | . . . . . . . . . . . . Heaviest Build 105 | 14 89 33 33 105 41 41 41 53 58 78 65 Greatest Support 92 | 40 40 60 60 60 80 80 80 80 92 92 75 Greatest Overweight (x) 2 | 2 2 . . 2 . . . . 1 1 2 Average Overweight (x) . | . . . . . . . . . . . . Largest Inventory Capacity 25 | 8 25 15 15 25 15 15 15 15 15 15 15 Average Capacity 15 | 7 17 15 15 16 15 15 15 15 15 15 14 Most Carried 18 | 8 15 15 15 18 15 15 15 15 15 15 15 Average Carried 13 | 4 11 14 14 13 14 15 15 14 14 12 13 Final Capacity 15 | 8 15 15 15 15 15 15 15 15 15 15 5 Final Carried 15 | 8 15 15 15 15 15 15 15 15 15 11 4 Class Distribution -------------------- 49% | Scavenger-Gunner 23% | Mutant 14% | Scavenger-Mutant 3% | Tank Dominant Class ---------------- Mutant | -10/Materials Mutant | -9/Materials Mutant | -9/Mines Scavenger-Gunner | -8/Materials Scavenger-Gunner | -7/Factory Scavenger-Gunner | -7/Lower Caves Scavenger-Gunner | -7/Lower Caves Scavenger-Gunner | -6/Factory Scavenger-Gunner | -6/DSF Scavenger-Gunner | -5/Factory Scavenger-Mutant | -5/Extension Resources | -11 -10 -9 -9 -8 -7 -7 -7 -6 -6 -5 -5 ----------- Run | Yrd Mat Mat Min Mat Fac Low Low Fac DSF Fac Ext Matter Collected 5228 | 424 92 338 235 1375 163 260 52 . 339 1227 723 Remotely . | . . . . . . . . . . . . Salvage Created 5733 | 168 215 288 251 1059 195 301 133 . 399 1627 1097 Parts 294 | 17 9 19 15 69 10 17 4 . 15 83 36 Haulers Intercepted 3 | . 1 . . 2 . . . . . . . Recyclers Shooed 5 | . 1 . 3 1 . . . . . . . Parts Field Recycled . | . . . . . . . . . . . . Retrieved Matter . | . . . . . . . . . . . . Parts Self-Destructed 21 | . . . . . . 17 4 . . . . Prevented . | . . . . . . . . . . . . Kills | -11 -10 -9 -9 -8 -7 -7 -7 -6 -6 -5 -5 ------- Run | Yrd Mat Mat Min Mat Fac Low Low Fac DSF Fac Ext Combat Hostiles Destroyed 87 | . 1 6 3 17 4 8 3 . 7 23 15 Melee 11 | . . . . . . . . . . . 11 Guns 65 | . 1 3 3 16 4 8 3 . 3 22 2 Cannons 9 | . . 3 . 1 . . . . 4 1 . Classes Destroyed 16 | 3 3 2 . 5 . . . . 1 2 . Worker 6 | 2 . . . 2 . . . . . 2 . Builder 2 | . . . . . . . . . . 2 . Tunneler 5 | 4 1 . . . . . . . . . . Hauler 3 | . 1 . . 2 . . . . . . . Recycler 9 | 1 1 2 3 1 . . . . . . 1 Operator 3 | . . 1 . 1 . . . . . . 1 Watcher 3 | . 1 1 . 1 . . . . . . . Swarmer 15 | . . 4 3 3 . 4 1 . . . . Grunt 36 | . 1 2 . 7 4 3 1 . 4 8 6 Brawler 1 | . . . . . . . . . 1 . . Duelist 1 | . . . . 1 . . . . . . . Sentry 13 | . . . . 2 . . 1 . . 5 5 Specialist 4 | . . . . 2 . . . . . 2 . Hunter 8 | . . . . 1 . 1 . . 1 4 1 Programmer 3 | . . . . . . . . . . 2 1 Heavy 4 | . . . . 1 . . . . 1 2 . Thug 2 | . . . . . . . . . . . 2 Best Kill Streak 9 | 3 2 6 3 4 2 5 3 . 4 9 3 Combat Bots Only 5 | . 1 2 3 4 2 5 3 . 4 4 3 Max Kills in Single Turn 2 | 1 1 1 1 1 1 1 1 . 1 2 2 Gunslinging . | . . . . . . . . . . . . Exploded . | . . . . . . . . . . . . Melee 2 | . . . . . . . . . . . 2 Uniques/NPCs Destroyed . | . . . . . . . . . . . . Combat | -11 -10 -9 -9 -8 -7 -7 -7 -6 -6 -5 -5 -------- Run | Yrd Mat Mat Min Mat Fac Low Low Fac DSF Fac Ext Hostile Shots Fired 711 | . 11 32 8 86 12 25 2 . 24 293 218 Missed 199 | . 4 7 2 16 3 7 1 . 6 90 63 Hits 512 | . 7 25 6 70 9 18 1 . 18 203 155 Melee 5 | . . . . 2 . . . . . 1 2 Projectile 507 | . 7 25 6 68 9 18 1 . 18 202 153 AOE 1 | . . . . . . . . . . 1 . Critical Strikes 20 | . . 1 . 4 2 . . . . 8 5 Damage Taken 10253 | . 76 226 53 1269 144 291 12 . 411 4338 3433 Core 1339 | . 43 18 20 163 18 36 . . 41 469 531 Absorbed by Shields . | . . . . . . . . . . . . Core Remaining (%) 88 | 100 82 . 90 70 . . 92 . 95 . . Volleys Fired 255 | 10 33 21 12 61 13 18 4 . 11 60 12 Largest 4 | 2 2 2 2 4 4 4 4 . 4 4 2 Hottest 138 | 60 60 76 76 116 95 95 95 . 138 132 61 Shots Fired 809 | 20 66 42 24 233 52 72 16 . 44 217 23 Gun 750 | 20 66 32 12 224 52 72 16 . 28 205 23 Cannon 58 | . . 10 12 8 . . . . 16 12 . Launcher 1 | . . . . 1 . . . . . . . Special . | . . . . . . . . . . . . Kinetic 724 | 10 33 21 12 224 52 72 16 . 44 217 23 Thermal 54 | 10 33 11 . . . . . . . . . Explosive 1 | . . . . 1 . . . . . . . Electromagnetic 30 | . . 10 12 8 . . . . . . . Robot Hit Streak 16 | 5 7 8 6 11 9 8 13 . 16 13 11 Robot Miss Streak 5 | 4 3 5 1 5 4 2 . . 3 4 1 Penetration Max 1 | . . . . . . . . . . 1 1 Secondary Targets 13 | . . . . 3 2 2 . . . 6 . Max Gunslinging Chain 1 | . . . . 1 1 1 . . . 1 . Shots Hit Robots 546 | 11 38 22 16 124 30 46 11 . 33 157 58 Core Hits 248 | 8 12 13 7 54 12 20 6 . 38 60 18 Critical Kills 16 | . . . . . 1 . . . 1 9 5 Critical Parts Destroyed 12 | . . 1 . . 1 1 . . . 1 8 Critical Strikes 34 | . . 1 . . 2 1 . . 1 11 18 Destroy 20 | . . 1 . . 2 1 . . 1 10 5 Blast 1 | . . . . . . . . . . 1 . Smash 9 | . . . . . . . . . . . 9 Sever 4 | . . . . . . . . . . . 4 Melee Attacks 63 | . . . . . . . . . . . 63 Impact 28 | . . . . . . . . . . . 28 Slashing 35 | . . . . . . . . . . . 35 Piercing . | . . . . . . . . . . . . Sneak Attacks 4 | . . . . . . . . . . . 4 Combat Hostiles 1 | . . . . . . . . . . . 1 Follow-up Attacks 9 | . . . . . . . . . . . 9 Damage Inflicted 11760 | 146 499 369 265 1931 417 648 136 . 894 4283 2172 Guns 8893 | 146 499 234 124 1862 417 648 136 . 405 3940 482 Cannons 1162 | . . 120 141 69 . . . . 489 343 . Explosions . | . . . . . . . . . . . . Melee 1690 | . . . . . . . . . . . 1690 Ramming 15 | . . 15 . . . . . . . . . Kinetic 9383 | 70 298 169 124 1862 417 648 136 . 894 4283 482 Thermal 342 | 76 201 65 . . . . . . . . . Explosive . | . . . . . . . . . . . . Electromagnetic 330 | . . 120 141 69 . . . . . . . Impact 839 | . . . . . . . . . . . 839 Slashing 851 | . . . . . . . . . . . 851 Piercing . | . . . . . . . . . . . . Highest Corruption 14 | . . . . . . . . . . 6 14 Average Corruption 10 | . . . . . . . . . . 5 12 Corruption Purged . | . . . . . . . . . . . . Corruption Blocked . | . . . . . . . . . . . . Effects 44 | . . . . . . . . . . 11 33 Message Errors 7 | . . . . . . . . . . 2 5 Matter Fused 10 | . . . . . . . . . . 2 8 Heat Flow Errors 3 | . . . . . . . . . . . 3 Energy Discharges 9 | . . . . . . . . . . 2 7 Parts Rejected 1 | . . . . . . . . . . . 1 Parts Fused 1 | . . . . . . . . . . . 1 Data Loss (minor) 6 | . . . . . . . . . . 1 5 Data Loss (major) 1 | . . . . . . . . . . . 1 Alerts 1 | . . . . . . . . . . 1 . Misdirections 1 | . . . . . . . . . . . 1 Weapon Failures 4 | . . . . . . . . . . 3 1 Overload Shots . | . . . . . . . . . . . . Overflow Damage 402 | . . . 8 4 . . . . . . 390 Projectiles 12 | . . . 8 4 . . . . . . . Explosions . | . . . . . . . . . . . . Melee 390 | . . . . . . . . . . . 390 Knockbacks 10 | . . 1 . . . . . . 2 3 4 Impact 5 | . . 1 . . . . . . . . 4 Kinetic 5 | . . . . . . . . . 2 3 . Secondary . | . . . . . . . . . . . . Self-Inflicted Damage . | . . . . . . . . . . . . Shots . | . . . . . . . . . . . . Rammed 1 | . . 1 . . . . . . . . . Targets Rammed 1 | . . 1 . . . . . . . . . Kicked . | . . . . . . . . . . . . Crushed . | . . . . . . . . . . . . Highest Temperature 445 | . 42 24 24 445 138 75 36 . 30 304 166 Average Temperature 81 | . 24 8 8 132 56 29 18 . 17 74 87 Received Heat Transfer 2127 | . 42 57 . 405 117 90 . . 117 639 660 Effects 7 | . . . . 4 . . . . . 3 . Shutdowns 1 | . . . . 1 . . . . . . . Interference 5 | . . . . 2 . . . . . 3 . Matter Decay 1 | . . . . 1 . . . . . . . Siege Activations . | . . . . . . . . . . . . Martial Activations . | . . . . . . . . . . . . Shielding Activations . | . . . . . . . . . . . . Robots Disrupted . | . . . . . . . . . . . . Combat Hostiles . | . . . . . . . . . . . . Robots Corrupted 2 | . . . . . . . . . . . 2 Combat Hostiles 2 | . . . . . . . . . . . 2 Parts Fried 2 | . . . . . . . . . . . 2 Impact Corruptions 7 | . . . . . . . . . . . 7 Robots Melted . | . . . . . . . . . . . . Combat Hostiles . | . . . . . . . . . . . . Parts Melted 2 | . 2 . . . . . . . . . . Heat Transferred 775 | 175 450 150 . . . . . . . . . Parts Sabotaged 4 | . . . . . . . . . . 4 . Parts Stolen . | . . . . . . . . . . . . Parts Stripped . | . . . . . . . . . . . . Power Chain Reactions . | . . . . . . . . . . . . Alert | -11 -10 -9 -9 -8 -7 -7 -7 -6 -6 -5 -5 ------- Run | Yrd Mat Mat Min Mat Fac Low Low Fac DSF Fac Ext Maximum Alert Level 2 | . . . . 1 . . . . . 2 1 Low Security (%) 75 | 100 100 100 100 79 100 . . 100 100 55 21 Level 1 21 | . . . . 20 . . . . . 24 78 Level 2 3 | . . . . . . . . . . 20 . Level 3 . | . . . . . . . . . . . . Level 4 . | . . . . . . . . . . . . Level 5 . | . . . . . . . . . . . . High Security . | . . . . . . . . . . . . Max Security . | . . . . . . . . . . . . Peak Influence 510 | 15 30 184 102 233 80 . . 18 185 510 321 Initial 225 | . . . 52 18 80 . . 18 . 96 225 Average 112 | 2 2 77 69 111 30 . . 2 66 218 234 Influence Increases 2996 | 35 54 276 85 527 90 205 60 . 185 930 549 Destroy 0b10 Robot/C 1840 | . 20 120 60 340 80 160 60 . 140 460 400 Destroy 0b10 Robot/NC 160 | 35 20 20 15 35 . . . . . 20 15 Destroy Leader 394 | . 14 22 10 86 10 30 . . 30 150 42 Allied During Kill 46 | . . . . . . . . . . . 46 Successful Hack 75 | . . 21 . 5 . . . . . 7 42 Disable Machine 195 | . . . . 45 . . . . 15 135 . Destroy Structure 181 | . . 3 . 16 . . . . . 158 4 Lose Combat Pursuer 105 | . . 90 . . . 15 . . . . . Influence Decreases 2904 | 35 54 140 174 397 267 205 30 30 . 655 917 Entered New Map 546 | . . . 84 29 97 . . 12 . 89 235 Time Decay 1738 | 35 54 140 90 328 170 205 30 18 . 326 342 Lost Part 460 | . . . . 40 . . . . . 240 180 Lost Ally 160 | . . . . . . . . . . . 160 Squads Dispatched 23 | . 1 1 . 2 3 . . . 1 13 2 Investigation 2 | . . . . . 1 . . . . . 1 Extermination 2 | . . . . . 1 . . . . 1 . Reinforcement 13 | . 1 1 . 2 1 . . . 1 6 1 Assault 4 | . . . . . . . . . . 4 . Garrison 2 | . . . . . . . . . . 2 . Intercept . | . . . . . . . . . . . . Searches Triggered . | . . . . . . . . . . . . Construction Impeded 2 | . . . . . . . . . . 2 . Haulers Reinforced . | . . . . . . . . . . . . Active Scanning Responses . | . . . . . . . . . . . . Cargo Convoy Interrupts . | . . . . . . . . . . . . Stealth | -11 -10 -9 -9 -8 -7 -7 -7 -6 -6 -5 -5 --------- Run | Yrd Mat Mat Min Mat Fac Low Low Fac DSF Fac Ext Distress Signals 5 | . . 2 . 1 . . . . . 1 1 Communications Jammed . | . . . . . . . . . . . . Distress Signals . | . . . . . . . . . . . . Times Spotted 142 | . 8 16 3 24 5 9 3 . 8 38 28 Peak Tracking Total 8 | . 2 5 3 6 2 4 3 . 3 8 8 Tactical Retreats 5 | . . 4 . . . 1 . . . . . Traps | -11 -10 -9 -9 -8 -7 -7 -7 -6 -6 -5 -5 ------- Run | Yrd Mat Mat Min Mat Fac Low Low Fac DSF Fac Ext Traps Triggered 1 | . . . . . . . . . . . 1 Indirectly . | . . . . . . . . . . . . Trap Hack Attempts . | . . . . . . . . . . . . Triggered . | . . . . . . . . . . . . Disarmed 1 | . . . . . . . . . . . 1 Reprogrammed . | . . . . . . . . . . . . Reused . | . . . . . . . . . . . . Traps Extracted . | . . . . . . . . . . . . Installed . | . . . . . . . . . . . . Triggered . | . . . . . . . . . . . . Machines | -11 -10 -9 -9 -8 -7 -7 -7 -6 -6 -5 -5 ---------- Run | Yrd Mat Mat Min Mat Fac Low Low Fac DSF Fac Ext Machines Disabled 13 | . . . . 3 . . . . 1 9 . Max in Single Turn 5 | . . . . 1 . . . . 1 5 . Garrison Access 1 | . . . . . . . . . . 1 . Machines Repaired . | . . . . . . . . . . . . Machines Dismantled . | . . . . . . . . . . . . Machines Sabotaged . | . . . . . . . . . . . . Overloaded Fab Kills . | . . . . . . . . . . . . Hacking | -11 -10 -9 -9 -8 -7 -7 -7 -6 -6 -5 -5 --------- Run | Yrd Mat Mat Min Mat Fac Low Low Fac DSF Fac Ext Machines Accessed 16 | . . 2 . 2 1 . . 1 . 2 8 Terminals 15 | . . 2 . 2 1 . . 1 . 1 8 Fabricators . | . . . . . . . . . . . . Repair Stations 1 | . . . . . . . . . . 1 . Recycling Units . | . . . . . . . . . . . . Scanalyzers . | . . . . . . . . . . . . Garrison Access . | . . . . . . . . . . . . Total Hacks 36 | . . 7 . 5 2 . . 1 . 4 17 Successful 16 | . . 5 . 2 . . . 1 . 2 6 Failed 20 | . . 2 . 3 2 . . . . 2 11 Catastrophic 4 | . . . . . . . . . . . 4 Database Lockouts . | . . . . . . . . . . . . Manual . | . . . . . . . . . . . . Terminals 35 | . . 7 . 5 2 . . 1 . 3 17 Fabricators . | . . . . . . . . . . . . Repair Stations 1 | . . . . . . . . . . 1 . Recycling Units . | . . . . . . . . . . . . Scanalyzers . | . . . . . . . . . . . . Garrison Access . | . . . . . . . . . . . . Terminal Hacks 16 | . . 5 . 2 . . . 1 . 2 6 Part Schematic 3 | . . . . . . . . . . . 3 Prototype ID Bank 2 | . . 1 . 1 . . . . . . . Open Door 2 | . . . . . . . . . . . 2 Open DSF 1 | . . . . . . . . 1 . . . Branch Access Points 2 | . . 1 . . . . . . . 1 . Emergency Access Points 1 | . . . . . . . . . . 1 . Locate Traps 1 | . . 1 . . . . . . . . . Disarm Traps 1 | . . . . . . . . . . . 1 Zone Layout 3 | . . 2 . 1 . . . . . . . Fabricator Hacks . | . . . . . . . . . . . . Repair Station Hacks . | . . . . . . . . . . . . Recycling Unit Hacks . | . . . . . . . . . . . . Scanalyzer . | . . . . . . . . . . . . Garrison Access Hacks . | . . . . . . . . . . . . Unauthorized Hacks . | . . . . . . . . . . . . Terminals . | . . . . . . . . . . . . Fabricators . | . . . . . . . . . . . . Repair Stations . | . . . . . . . . . . . . Recycling Units . | . . . . . . . . . . . . Scanalyzers . | . . . . . . . . . . . . Garrison Access . | . . . . . . . . . . . . Data Cores Recovered . | . . . . . . . . . . . . Used . | . . . . . . . . . . . . Hacking Detections 13 | . . 2 . 2 1 . . 1 . . 7 Full Trace Events 2 | . . . . . 1 . . . . . 1 Feedback Events . | . . . . . . . . . . . . Feedback Blocked . | . . . . . . . . . . . . Robot Schematics Acquired . | . . . . . . . . . . . . Robots Built . | . . . . . . . . . . . . Authchips . | . . . . . . . . . . . . Time . | . . . . . . . . . . . . Total Robot Build Rating . | . . . . . . . . . . . . Part Schematics Acquired 3 | . . . . . . . . . . . 3 Parts Built . | . . . . . . . . . . . . Authchips . | . . . . . . . . . . . . Time . | . . . . . . . . . . . . Total Part Build Rating . | . . . . . . . . . . . . Parts Repaired . | . . . . . . . . . . . . Time . | . . . . . . . . . . . . Parts Recycled . | . . . . . . . . . . . . Recycled Matter . | . . . . . . . . . . . . Retrieved Matter . | . . . . . . . . . . . . Retrieved Components . | . . . . . . . . . . . . Parts Scanalyzed . | . . . . . . . . . . . . Part Schematics Acquired . | . . . . . . . . . . . . Parts Damaged . | . . . . . . . . . . . . Bothacking | -11 -10 -9 -9 -8 -7 -7 -7 -6 -6 -5 -5 ------------ Run | Yrd Mat Mat Min Mat Fac Low Low Fac DSF Fac Ext Used RIF Installer . | . . . . . . . . . . . . Robots Hacked . | . . . . . . . . . . . . Non-combat . | . . . . . . . . . . . . Combat . | . . . . . . . . . . . . Robot Hacks Applied . | . . . . . . . . . . . . Relay Couplers Released 2 | . . . . . . . . . . 2 . Machine Destruction 2 | . . . . . . . . . . 2 . Fabnet Peak Effective % . | . . . . . . . . . . . . Robots Rewired 9 | . . . . . . . . . . . 9 Allies Hacked 2 | . . . . . . . . . . . 2 Hacks Repelled . | . . . . . . . . . . . . Allies | -11 -10 -9 -9 -8 -7 -7 -7 -6 -6 -5 -5 -------- Run | Yrd Mat Mat Min Mat Fac Low Low Fac DSF Fac Ext Total Allies 11 | . . . . . . . . . . . 11 Largest Group 6 | . . . . . . . . . . . 6 Highest-Rated Group 149 | . . . . . . . . . . . 149 Highest-Rated Ally 39 | . . . . . . . . . . . 39 Total Orders . | . . . . . . . . . . . . Ally Attacks 29 | . . . . . . . . . . . 29 Total Damage 700 | . . . . . . . . . . . 700 Kills 6 | . . . . . . . . . . . 6 Allies Corrupted . | . . . . . . . . . . . . Allies Melted . | . . . . . . . . . . . . Intel | -11 -10 -9 -9 -8 -7 -7 -7 -6 -6 -5 -5 ------- Run | Yrd Mat Mat Min Mat Fac Low Low Fac DSF Fac Ext Active Infowar (turns) 1696 | 106 507 384 183 516 . . . . . . . Sensors 485 | . . . . 485 . . . . . . . Terrain 1215 | 106 507 384 183 35 . . . . . . . Seismic 596 | . . 383 183 30 . . . . . . . Robot Analysis Total . | . . . . . . . . . . . . Derelict Logs Recovered 1 | . . . . . . . 1 . . . . Drone Launches . | . . . . . . . . . . . . Drone Recoveries . | . . . . . . . . . . . . Exploration | -11 -10 -9 -9 -8 -7 -7 -7 -6 -6 -5 -5 ------------- Run | Yrd Mat Mat Min Mat Fac Low Low Fac DSF Fac Ext Turns Passed 5275 | 153 508 384 183 766 518 755 99 202 214 720 773 Spaces Moved 2606 | 69 209 192 91 285 293 435 54 117 101 362 398 Core 7 | 7 . . . . . . . . . . . Treads 1621 | 62 209 192 91 115 293 435 54 117 47 . 6 Legs 977 | . . . . 170 . . . . 54 362 391 Wheels . | . . . . . . . . . . . . Hover 1 | . . . . . . . . . . . 1 Flight . | . . . . . . . . . . . . Fastest Speed 50 | 50 160 160 160 120 165 165 165 165 120 120 105 Average Speed 154 | 153 190 160 160 183 165 165 165 165 141 125 115 Slowest Speed 320 | 160 320 160 160 260 165 165 165 165 170 190 250 Overloaded Moves . | . . . . . . . . . . . . Propulsion Burnouts . | . . . . . . . . . . . . Robots Hopped . | . . . . . . . . . . . . Potential Cave-ins . | . . . . . . . . . . . . Cave-ins Triggered . | . . . . . . . . . . . . Exploration Rate (%) 30 | 5 45 24 23 34 9 61 10 4 92 13 40 Regions Visited 11 Branch Regions 4 Pre-discovered Areas . | . . . . . . . . . . . . Known Exits Taken 3 | . . 1 . . . . . 1 . 1 . Unknown Exits Taken 7 | 1 1 . 1 1 1 1 1 . . . . Scrap Searched 2 | . . . . . . 2 . . . . . Spaces Dug . | . . . . . . . . . . . . Terrain Destroyed 123 | . . . . 8 . . . . . 114 1 Melee . | . . . . . . . . . . . . Projectile 41 | . . . . . . . . . . 40 1 AOE 82 | . . . . 8 . . . . . 74 . Terrain Rammed . | . . . . . . . . . . . . Walls Destroyed . | . . . . . . . . . . . . Machines Disabled . | . . . . . . . . . . . . Actions | -11 -10 -9 -9 -8 -7 -7 -7 -6 -6 -5 -5 --------- Run | Yrd Mat Mat Min Mat Fac Low Low Fac DSF Fac Ext Total 3339 | 93 252 228 105 459 315 453 60 126 156 486 606 Wait 52 | . . 3 . 20 . 1 3 . 1 4 20 Move 2595 | 68 208 191 90 284 292 434 53 116 100 361 398 Hop . | . . . . . . . . . . . . Pick Up 101 | 8 7 5 1 30 5 . . 1 12 21 11 Fast Attach 54 | 7 . 1 . 12 . . . 4 8 7 15 Attach 44 | . . 2 . 6 2 . . 1 . 24 9 Detach 8 | . . . . 3 . . . 1 . 1 3 Swap 26 | . 3 . 1 14 . . . . 3 1 4 Drop 83 | . 1 4 1 29 3 . . 3 21 7 14 Fire 255 | 10 33 21 12 61 13 18 4 . 11 60 12 Melee 41 | . . . . . . . . . . . 41 Ram . | . . . . . . . . . . . . Kick . | . . . . . . . . . . . . Crush 1 | . . 1 . . . . . . . . . Escape Stasis . | . . . . . . . . . . . . Rewire 79 | . . . . . . . . . . . 79 Trap . | . . . . . . . . . . . . Miscellaneous . | . . . . . . . . . . . . Route ------- -11/Scrapyard -10/Materials -9/Materials (discovered 2 exits: *Min x2) -9/Mines -8/Materials -7/Factory -7/Lower Caves -7/Lower Caves -6/Factory (discovered 3 exits: Fac / Low / DSF) -6/DSF -5/Factory (discovered 5 exits: [*Fac] / Upp x2 / *Ext x2) -5/Extension History --------- Turn | Location | Event 17 | -11/Scrapyard | Discovered new exit (range 15) 154 | -11/Scrapyard | Entered Materials 308 | -10/Materials | Build established: Mutant 634 | -10/Materials | Discovered new exit (range 11) 662 | -10/Materials | Entered another Materials area 662 | -9/Materials | Evolved 2 slots: Propulsion x1, Utility x1 989 | -9/Materials | Identified exit to Mines 1046 | -9/Materials | Entered Mines 1108 | -9/Mines | Discovered new exit (range 8) 1229 | -9/Mines | Entered Materials 1229 | -8/Materials | Evolved 2 slots: Weapon x2 1785 | -8/Materials | Lost 3 parts (1p1n1w) 1929 | -8/Materials | Discovered new exit (range 16) 1995 | -8/Materials | Entered Factory 1995 | -7/Factory | Evolved 2 slots: Propulsion x1, Utility x1 2036 | -7/Factory | Build established: Scavenger-Gunner 2498 | -7/Factory | Discovered new exit (range 9) 2513 | -7/Factory | Entered Lower Caves 3206 | -7/Lower Caves | Discovered new exit (range 12) 3268 | -7/Lower Caves | Entered another Lower Caves area 3293 | -7/Lower Caves | Attracted the attention of an 0b10 checkpoint 3346 | -7/Lower Caves | Learned 4 Factory zone layouts 3346 | -7/Lower Caves | Discovered new exit (range 14) 3367 | -7/Lower Caves | Entered Factory 3367 | -6/Factory | Evolved 2 slots: Utility x2 3368 | -6/Factory | Identified exit to Lower Caves 3368 | -6/Factory | Identified exit to Factory 3569 | -6/Factory | Identified exit to DSF 3569 | -6/Factory | Entered DSF 3623 | -6/DSF | Additional patrols routed to DSF 3734 | -6/DSF | Discovered exit to Factory (range 16) 3783 | -6/DSF | Entered Factory 3783 | -5/Factory | Evolved 2 slots: Utility x2 4141 | -5/Factory | Lost 7 parts (4n1u2w) 4280 | -5/Factory | Lost 9 parts (3n4u2w) 4328 | -5/Factory | Lost 3 parts (2n1w) 4344 | -5/Factory | Identified exit to Upper Caves 4344 | -5/Factory | Identified exit to Extension 4353 | -5/Factory | Discovered new exit (range 5) 4383 | -5/Factory | First assault squad dispatched 4503 | -5/Factory | Entered Extension 4517 | -5/Extension | Lost 3 parts (1u2w) 4552 | -5/Extension | System corruption reached 10% 4667 | -5/Extension | Core integrity fell below 50% 4728 | -5/Extension | Rescued a captive Derelict 4762 | -5/Extension | Build established: Scavenger-Mutant 4796 | -5/Extension | P-70 Sage assimilated allied FE-0W1(b) 4814 | -5/Extension | P-70 Sage assimilated allied 05-Q0H(g) 4834 | -5/Extension | P-70 Sage assimilated allied I8-GWI(g) 4985 | -5/Extension | Rescued a captive Derelict 5197 | -5/Extension | Spotted B-75 Beast 5252 | -5/Extension | Lost 5 allies 5252 | -5/Extension | Spotted B-75 Beast 5261 | -5/Extension | Core integrity fell below 20% 5276 | -5/Extension | Destroyed by S-27 Virus with Autogun Last Messages --------------- 05256_ G-50 Soldier destroyed. 05257_ Phase Shifter destroyed. 05257_ U-05 Engineer builds a Wall. 05257_ Great Maul destroyed. 05257_ Acquired Carbon-fiber Leg. 05259_ System corrupted: Matter fused (-6). 05260_ Acquired 26 matter. 05260_ Carbon-fiber Leg destroyed. 05261_ U-05 Engineer builds a Wall. 05261_ BD-F9J(b) destroyed. 05263_ Ripper destroyed. 05264_ Arm. Medium Treads destroyed. 05265_ Acquired Fission Core. 05266_ Knocked back. 05266_ Acquired Great Maul. 05268_ U-05 Engineer destroyed. 05268_ Dropped Lrg. Storage Unit. 05271_ Acquired Lgt. Treads. 05271_ Fission Core destroyed. 05274_ Imp. Target Analyzer destroyed. Map ----- +----------------------------------------------------+ | ! ####### #?????????????????????????? | | ##########?????# ####??????????????????????? | | ! #??????????????# #??????????????????????? | | ] #??????????????# ##### #??????????????????????? | | #?????###??????# #???? #??????????????????????? | | #?????# #?????## ##??? ???????????????????????? | | #?????" ####### #??# #??????????????????????? | | ####?????" #??# #??????????????????????? | | ?????????#T####### #??# #??????????????????????? | | ?????????###?????## ##??# #??????????????????????? | | ??????????????????#%#???# #??????????????????????? | | ??????????????????# #???# #??????????????????????? | | ??????????????????# ##??# #??????????????????????? | | ?????????????????##+##### #??????????????????????? | | ?????????????????# =%! # #??????????????????????? | | ?????????????????# *[* =# #??????????????????????? | | ?????????????????#==% *!+%#??????????????????????? | | ?????????????????# * = =#%#??????????????????????? | | ?????????????????# [%= #%#??????????????????????? | | ?????????????????# ] =[ #%#??????????????????????? | | ?????????????????########%#??????????????????????? | | ??????????????????????# #%#???#??????????????????? | | ??????????????????????#;#!### ## ### ????????????? | | ??????????????????????#=%%=[s "" "???????????? | | ??????????????????????#*!=%==s " " ??????????? | | ??????????????????????#%*@%! #?????????? | | ??????????????????????#u%BB s s #?????????? | | ??????????????????????#**BB BB #?????????? | | ????????????????????? BB ????????? | | ???????????????????? ?????????? | | ??????????????????? % ?????????? | | ?????????????????? w ?????????? | | ?????????????????k uR ??????????? | | ????????????????####### ??????????? | | ??????????????????????# ???????????? | | ??????????????????????# ???????????? | | ??????????????????????# ????????????? | | ??????????????????????# ??????????????? | | ??????????????????????######T#"""????????????????? | | ?????????????????????????????????????????????????? | | ?????????????????????????????????????????????????? | | | | | | | | | | | | | | | | | | | +----------------------------------------------------+ Best States ------------- Heat Dissipation 67 Coolant Potential 100 Energy Generation 19 Energy Capacity 315 Matter Stores 300 Matter Capacity 300 Sight Range 16 Robot Scan Range 15 Terrain Scan Range 16 Terrain Scan Density 10 Armor Coverage 600 Weapon Cycling 15 Evasion (%) 70 Targeting Accuracy 19 Target Analysis 9 Core Analysis 6 Recoil Reduction 4 Kinecelleration 40 Item Schematics ----------------- Imp. Heavy Treads | -5/Extension | Hacked Arm. Heavy Treads | -5/Extension | Hacked Adv. Force Field | -5/Extension | Hacked Robot Schematics ------------------ None Fabricated ------------ Nothing Repaired ---------- Nothing Alien Tech Used ----------------- None Achievements -------------- None Challenges ------------ None Game ------ Seed IonJunkRay Manual? 0 Play Time 01:04:50 Cumulative 87.5 hours Start 2025.10.01 @ 07:17:01 End 2025.10.01 @ 08:20:21 Sessions 1 Manual Loads 0 Difficulty Rogue Special Mode None Game No. 65 Rogue 65 Adventurer 0 Explorer 0 Win Type - Total 0 Types 0/0/0/0/0/0/0/0/0/0 Lore% 21 Gallery% 48 Achievement% 39 Wizard Run 0 Options --------- Layout 0 ASCII 0 Keyboard 0 Movement Mouse Keybinds 0 Fullscreen 1 Font 12/Smallcaps Map View 38x28 Zoom Use 99% Tactical HUD 1 Map Filters NONE Filters NONE Steam SD RUN: 57faa9f4-073a-487d-8777-262140536c2b